 Dungeon Crawl Stone Soup version 0.26-a0-812-g31a745ddcd (webtiles) character file.

Game seed: 13123477626038389738

39 kae the Ruffian (level 3, -1/31 HPs)
             Began as a Naga Transmuter on Nov 30, 2020.
             Succumbed to an adder's poison
             ... on level 3 of the Dungeon.
             The game lasted 00:01:06 (2000 turns).

kae the Ruffian (Naga Transmuter)                   Turns: 2000, Time: 00:01:07

Health: -1/31      AC:  2    Str: 13    XL:     3   Next: 47%
Magic:  6/6        EV: 10    Int: 19    God:
Gold:   165        SH:  0    Dex: 11    Spells: 5/6 levels left

rFire    . . .     SeeInvis +     - Unarmed
rCold    . . .     Faith    .   (no shield)
rNeg     . . .     Spirit   .   a - +0 robe
rPois    +         Reflect  .   (helmet currently unavailable)
rElec    .         Harm     .   (no cloak)
rCorr    .         Rampage  .   (no gloves)
MR       .....                  (no barding)
Stlth    +.........             (no amulet)
HPRegen  0.10/turn              g - +6 ring of intelligence
MPRegen  0.10/turn              (no ring)

@: lethally poisoned (-1 -> -19), appendages (expiring), hasted, quick
A: large, horns 2, see invisible, deformed body, poison resistance, slowness 2,
spit poison 1, AC +1
a: Spit Poison, End Transformation


You were on level 3 of the Dungeon.
You had grown temporary horns.
You visited 1 branch of the dungeon, and saw 3 of its levels.

You collected 165 gold pieces.

Inventory:

Armour
 a - a +0 robe (worn)
Jewellery
 g - a +6 ring of intelligence (left hand)
Scrolls
 b - a scroll of magic mapping
 c - a scroll of teleportation
Potions
 d - a potion of haste
 e - 2 potions of degeneration
 i - a potion of mutation


   Skills:
 + Level 1.4 Fighting
 + Level 1.8 Dodging
 * Level 3.4 Unarmed Combat
 + Level 2.2 Spellcasting
 * Level 2.7 Transmutations


You had 5 spell levels left.
You knew the following spells:

 Your Spells              Type           Power        Failure   Level
a - Beastly Appendage     Tmut           ##....       5%          1

Your spell library contained the following spells:

 Spells                   Type           Power        Failure   Level
 Wereblood                Tmut           ##......     9%          2
 Spider Form              Tmut/Pois      #.........   28%         3
 Ice Form                 Ice/Tmut       #.......     67%         4
 Blade Hands              Tmut           ##........   83%         5


Dungeon Overview and Level Annotations

Branches:
Dungeon (3/15)

Altars:


Innate Abilities, Weirdness & Mutations

You cannot wear boots.
Your serpentine skin is tough. (AC +1)
You have supernaturally acute eyesight. (SInv)
Armour fits poorly on your strangely shaped body.
Your system is resistant to poisons. (rPois)
You cover ground very slowly.
You can spit poison.
You have a pair of horns on your head.


Message History

The adder poisons you! The kobold barely misses you.
You closely miss the adder.
You have got your breath back.
You feel sick. The adder bites you.
You are more poisoned.
The adder poisons you!
The kobold hits you with a +1 dagger of venom.
The adder bites you.
* * * LOW HITPOINT WARNING * * *
You hit the adder but do no damage.
* * * LOW HITPOINT WARNING * * *
You feel sick. The adder bites you.
* * * LOW HITPOINT WARNING * * *
The kobold hits you but does no damage.
You hit the adder.
The adder is lightly wounded.
* * * LOW HITPOINT WARNING * * *
You feel sick. The adder closely misses you. The kobold barely misses you.
You feel yourself speed up.
You die...

..................
#.#...............#
#.#.........).#.... ####
#.#...........#....
.....#?##..........#....
.....#.#.............^..
.................#.###.#
............#..###.# #+#
......S@............. .
......K....#.#.#..... ..
...................... .
.........#........... .
..............>...... .
....#............#... #
.................#..
...!.............#
.............#..


You could see an adder and a kobold.

Vanquished Creatures
  An adder (D:2)
  A dart slug (D:1)
  2 leopard geckos (D:1)
  5 bats
  3 goblins
  5 hobgoblins
  2 frilled lizards
  3 kobolds
  4 rats
26 creatures vanquished.

Notes
Turn   | Place    | Note
-------+----------+-------------------------------------------
     0 | D:1      | kae the Naga Transmuter began the quest for the Orb.
     0 | D:1      | Reached XP level 1. HP: 18/18 MP: 3/3
   411 | D:1      | Reached XP level 2. HP: 25/25 MP: 5/5
  1083 | D:2      | Reached XP level 3. HP: 31/31 MP: 6/6
  1999 | D:3      | HP: 1/31 [poisoned by an adder]
  2000 | D:3      | Succumbed to an adder's poison

Illustrated notes

Levels and vault maps discovered:
D:1:      mrwooster_arrival_statue, layout_basic, serial_forest,
          infiniplex_forest_lined_ring, infiniplex_forest_lined_corner,
          infiniplex_forest_lined_3, infiniplex_forest_clump_small,
          infiniplex_forest_corner_1, infiniplex_forest_clump_tiny,
          infiniplex_forest_lined_2
D:2:      layout_loops_cross
D:3:      cheibrodos_greedy_goblins, layout_basic, serial_aquarium,
          aquarium_bridge_square [aquarium_subvault_wall,
          aquarium_subvault_bridge, aquarium_subvault_bridge,
          aquarium_subvault_wall], aquarium_bridge_square
          [aquarium_subvault_bridge, aquarium_subvault_bridge,
          aquarium_subvault_bridge, aquarium_subvault_wall],
          aquarium_window_fake, aquarium_window_fake, aquarium_window_1,
          aquarium_view_2d, aquarium_view_2a, aquarium_pool_2

Action                   || total
-------------------------++-------
Melee: Unarmed           ||    38
       Headbutt          ||     1
 Cast: Beastly Appendage ||    12
 Abil: Spit Poison       ||    26
  Use: Scroll            ||     8
       Potion            ||     1
Armor: Robe              ||    16
Dodge: Dodged            ||    50

Table legend: (Time is in decaauts)
 A = Elapsed time spent in this place.
 B = Non-inter-level travel time spent in this place.
 C = Inter-level travel time spent in this place.
 D = Time resting spent in this place.
 E = Time spent auto-exploring this place.
 F = Levels seen in this place.
 G = Mean time per level.
                   A        B        C        D        E       F      G
               +--------+--------+--------+--------+--------+-----+--------+
         Total |   2514 |   2408 |    106 |      0 |   2205 |   3 |  838.0 |
       Dungeon |   2514 |   2408 |    106 |      0 |   2205 |   3 |  838.0 |
               +--------+--------+--------+--------+--------+-----+--------+

Top non-repeatable levels by time:
     D:1: 1146 daAuts
     D:2: 854 daAuts
     D:3: 513 daAuts
